cohdb
Replays
Latest Replays
All Replays
Popular Replays
Top Player Replays
Match Explorer
How It Works
Community
CoH3 Stats
Reddit
Sign in to upload your games and track your stats! →
Sign in with Steam
Match 19617552
Unlisted
Match 19617552
Overview
Messages
Build Orders
End
Kradschützen Motorcycle Team
Kradschützen Motorcycle Team
250 Light Carrier
Construct Light Support Kompanie
Assault Grenadier Squad
Selects Armored Support Battlegroup
Selects Superior Fire Drills
Assault Grenadier Squad
Panzerjäger Squad
Selects Salvage Kits
Panzerjäger Squad
Construct Mechanized Kompanie
Assault Mechanized Group
Support Armor Elements
StuG III D Assault Gun
Vehicle Survival Package
Selects Panzer Storm
2.5-tonne Medical Truck
8 Rad Armored Car
Rapid Advance
Selects Stuka Anti-tank Loiter
Veteran Squad Leaders
Fire Support Elements
le.IG 18 Mechanized Group
Combat Half-tracks
Construct Panzerarmee Kommand
Stuka Anti-tank Loiter
Panzer III L Medium Tank
Selects Flammpanzer III Medium Tank Sd.Kfz. 141
Emergency Repair Kits
MonoChrome
Innovation
WARWOLFMELF
Sparkle
0
0
Comments
sign in to comment!
No comments posted yet!